[Event "AZE-ch Women 2019"]
[Site "Baku"]
[Date "2019.02.12"]
[Round "9.8"]
[White "Allahverdiyeva, Ayan"]
[Black "Jafarova, Aysel"]
[Result "1-0"]
[ECO "C04"]
[WhiteElo "2051"]
[BlackElo "1376"]
[Annotator "NA"]
[PlyCount "59"]
[EventDate "2019.02.04"]
[EventType "swiss"]
[EventCountry "AZE"]
[SourceTitle "playchess.com"]
[Source "ChessBase"]
[SourceQuality "1"]
[TimeControl "40/5400+30:1800+30"]

1. e4 e6 2. d4 d5 3. Nd2 Nc6 4. Ngf3 Nf6 5. Bd3 Nb4 6. Qe2 Nxd3+ 7. Qxd3 Be7 8. O-O a5 9. Re1 O-O 10. Ne5 Nd7 11. Ndf3 $11 f6 12. Ng4 b6 13. exd5 exd5 14. Ne3 Ba6 15. Qf5 Re8 16. Nxd5 Bd6 17. Rxe8+ Qxe8 18. Bf4 g6 19. Nxf6+ Nxf6 20. Qxf6 Be7 21. Qe5 Bd6 22. Qd5+ Kg7 23. Re1 Qg8 24. Be5+ Kh6 25. Qe4 Bxe5 26. Qxe5 g5 27. h4 gxh4 28. Qf4+ Kg6 29. Qg5+ Kf7 30. Re7+ 1-0